 Dungeon Crawl Stone Soup version 0.21-a0-279-g6037ffb (webtiles) character file.

44 JackS81 the Changer (level 3, 0/26 HPs)
             Began as a Merfolk Transmuter on Sept 24, 2017.
             Slain by an adder (2 damage)
             ... on level 2 of the Dungeon.
             The game lasted 00:05:11 (1012 turns).

JackS81 the Changer (Merfolk Transmuter)            Turns: 1012, Time: 00:05:11

Health: 0/26       AC:  2    Str: 10    XL:     3   Next: 62%
Magic:  6/6        EV: 13    Int: 13    God:
Gold:   105        SH:  0    Dex: 14    Spells: 2/6 levels left

rFire    . . .     SeeInvis .     - Unarmed
rCold    . . .     Gourm    .   (no shield)
rNeg     . . .     Faith    .   b - +0 robe
rPois    .         Spirit   .   (no helmet)
rElec    .         Reflect  .   (no cloak)
rCorr    .         Harm     .   (no gloves)
MR       +....                  (no boots)
Stlth    +.........             (no amulet)
HPRegen  0.08/turn              q - ring of protection from magic
MPRegen  0.10/turn              (no ring)

@: lethally poisoned (0 -> -4)
A: change form in water, swift swim, stealthy swim
a: no special abilities


You were on level 2 of the Dungeon.
You were not hungry.

You visited 1 branch of the dungeon, and saw 2 of its levels.

You collected 105 gold pieces.

Inventory:

Missiles
 a - 12 arrows
 e - 141 stones (quivered)
Armour
 b - a +0 robe (worn)
Jewellery
 q - a ring of protection from magic (left hand)
Scrolls
 f - a scroll of teleportation {unknown}
 g - a scroll of blinking {unknown}
 h - 2 scrolls of enchant armour {unknown}
 i - 2 scrolls of remove curse {unknown}
 l - a scroll of identify {unknown}
 p - 3 scrolls of noise {unknown}
Books
 c - a book of Changes

   Spells                             Type                      Level
   a - Beastly Appendage              Transmutation                1
   b - Sticks to Snakes               Transmutation                2
   c - Spider Form                    Transmutation/Poison         3
   d - Ice Form                       Ice/Transmutation            4
   e - Blade Hands                    Transmutation                5
Comestibles
 d - a bread ration
 k - a meat ration
 n - a royal jelly
 o - a chunk of flesh


   Skills:
 - Level 1.1 Fighting
 - Level 2.6 Dodging
 + Level 3.2 Unarmed Combat
 - Level 2.0 Spellcasting
 * Level 5.2 Transmutations


You had 2 spell levels left.
You knew the following spells:

 Your Spells              Type           Power        Failure   Level  Hunger
a - Beastly Appendage     Tmut           ##....       3%          1    ##.....
b - Spider Form           Tmut/Pois      #.........   26%         3    ####...


Dungeon Overview and Level Annotations

Branches:
Dungeon (2/15)

Altars:


Message History

You closely miss the adder.
The adder is moderately wounded.
The adder closely misses you.
You closely miss the adder.
The adder is moderately wounded.
* * * LOW HITPOINT WARNING * * *
You feel sick. The adder bites you.
* * * LOW HITPOINT WARNING * * *
You closely miss the adder.
The adder is moderately wounded.
The adder bites you.
* * * LOW HITPOINT WARNING * * *
You miss the adder.
The adder is moderately wounded.
The adder closely misses you. The adder misses you.
You hit the adder.
The adder is heavily wounded.
* * * LOW HITPOINT WARNING * * *
You feel sick. The adder bites you.
You die...

#...# #...# +..!+ #..#####
#...# #....... #...# .. #.
#...# #. ## ##### #..S#
##### #.###
##...###..@###...## ##...#
##.....##...##.....## ......
#.......#...#.......# ##...
#.......'...'.......# ###...
#.......#...#.......###.....
##.....##...##.....##...#..#
##...###...###...##.#.....#
##### #.##########...###.#
.###.........##..####.#


You could see an adder.

Vanquished Creatures
  A dart slug (D:1)
  3 leopard geckos (D:1)
  2 giant cockroaches (D:1)
  5 goblins
  5 hobgoblins
  4 jackals (D:1)
  4 bats
  3 frilled lizards (D:1)
  2 kobolds (D:1)
  8 rats
37 creatures vanquished.

Notes
Turn   | Place    | Note
-------+----------+-------------------------------------------
     0 | D:1      | JackS81 the Merfolk Transmuter began the quest for the Orb.
     0 | D:1      | Reached XP level 1. HP: 15/15 MP: 3/3
    66 | D:1      | Reached skill level 3 in Transmutations
   145 | D:1      | Reached XP level 2. HP: 14/21 MP: 3/5
   269 | D:1      | Reached skill level 4 in Transmutations
   471 | D:1      | Reached XP level 3. HP: 26/26 MP: 4/6
   764 | D:2      | Reached skill level 5 in Transmutations
   770 | D:2      | Learned a level 3 spell: Spider Form
  1012 | D:2      | Slain by an adder

Vault maps used:
D:1:      saegor_arrival_simple_d, minmay_tromino_mix6
D:2:      kennysheep_six_static_rooms

Skill      XL: |  1  2  3 |
---------------+----------+-----
Transmutations | 3 4 5 |  5.2
Fighting       | |  1.1
Dodging        | |  2.6
Unarmed Combat | |  3.2
Spellcasting   | |  2.0

Action                   || total
-------------------------++-------
Melee: Unarmed           ||   124
       Headbutt          ||    15
Throw: Stone             ||     9
 Cast: Beastly Appendage ||    21
       Spider Form       ||     1
  Use: Potion            ||     2
 Stab: Sleeping          ||     1
  Eat: Chunk             ||     1
Armor: Robe              ||    27
Dodge: Dodged            ||    89

Table legend:
 A = Spawn XP
 B = Non-spawn XP
 C = Spawn XP percentage of total XP
 D = Spawn monster count
 E = Non-spawn monster count
 F = Spawn count percentage of total count
 G = Total turns spent on level
                    A         B        C        D         E        F      G
               +---------+---------+-------+---------+---------+-------+---------
         Total |       0 |      64 |   0.0 |       0 |      37 |   0.0 |  1012
               +---------+---------+-------+---------+---------+-------+---------
           D:1 |       0 |      54 |   0.0 |       0 |      31 |   0.0 |   755
           D:2 |       0 |      10 |   0.0 |       0 |       6 |   0.0 |   257
               +---------+---------+-------+---------+---------+-------+---------
